 Dungeon Crawl Stone Soup version 0.28-a0-1212-gc6b4282bc0 (webtiles) character file.

Game seed: 9620451394137868385

445 Htamos the Chopper (level 6, 0/56 HPs)
             Began as a Minotaur Monk on Dec 21, 2021.
             Slain by an ogre (16 damage)
             ... on level 4 of the Dungeon.
             The game lasted 00:07:27 (4991 turns).

Htamos the Chopper (Minotaur Monk)                  Turns: 4991, Time: 00:07:28

Health: 0/56       AC:  9    Str: 15    XL:     6   Next: 72%
Magic:  5/5        EV:  5    Int:  7    God:
Gold:   187        SH: 10    Dex: 15    Spells: 5/5 levels left

rFire   . . .      SeeInvis .   a - +0 hand axe
rCold   . . .      Faith    .   j - +2 kite shield
rNeg    + . .      Spirit   .   g - +0 chain mail
rPois   .          Reflect  .   (helmet restricted)
rElec   .          Harm     .   (no cloak)
rCorr   .          Rampage  .   (no gloves)
Will    .....                   (no boots)
Stlth   ..........              (no amulet)
HPRegen 0.18/turn               q - ring of positive energy
MPRegen 0.09/turn               (no ring)

@: mighty, brilliant, attractive
A: horns 2, retaliatory headbutt
a: no special abilities


You were on level 4 of the Dungeon.
You visited 1 branch of the dungeon, and saw 4 of its levels.
You also visited: Ossuary.

You collected 187 gold pieces.

Inventory:

Hand Weapons
 a - a +0 hand axe (weapon)
 m - a +2 whip of holy wrath
Missiles
 f - 7 poisoned darts (quivered)
Armour
 b - a +0 robe
 e - a +0 ring mail
 g - a +0 chain mail (worn)
 j - a +2 kite shield (worn)
Jewellery
 q - a ring of positive energy (left hand)
 s - an amulet of magic regeneration
Wands
 n - a wand of iceblast (1)
Scrolls
 c - a scroll of vulnerability
 d - a scroll of enchant weapon
 i - a scroll of brand weapon
 k - a scroll of immolation
 o - 3 scrolls of blinking
 u - a scroll of silence
 w - 2 scrolls of teleportation
Potions
 h - 2 potions of attraction
 l - a potion of degeneration {unknown}
 p - a potion of heal wounds {unknown}
 r - a potion of might
 t - 2 potions of mutation {unknown}
 v - 4 potions of brilliance
 x - 3 potions of curing {@qc}
 z - a potion of haste {unknown}


   Skills:
 + Level 5.0 Fighting
 * Level 6.3 Axes
 + Level 3.4 Armour
 - Level 3.5 Dodging
 - Level 1.5 Stealth
 + Level 2.4 Shields
 + Level 1.8 Evocations


You had 5 spell levels left.
You didn't know any spells.
Your spell library was empty.

Dungeon Overview and Level Annotations

Branches:
Dungeon (4/15)            Ossuary (visited)
 Temple: D:4-7

Altars:
Elyvilon
Makhleb

Annotations:
D:2 2 exclusions


Innate Abilities, Weirdness & Mutations

You have a pair of horns on your head.
You reflexively headbutt those who attack you in melee.


Message History

You barely miss the adder. Your headbutt misses the adder.
You block the adder's attack. The adder bites you but does no damage.
You hit the adder. Your headbutt misses the adder.
The adder is moderately wounded.
The adder bites you but does no damage.
You hit the adder. You headbutt the adder.
You kill the adder!
You hit the ogre. Your headbutt misses the ogre.
The ogre is moderately wounded.
The ogre hits you with a +0 giant club!!
You hit the ogre. You headbutt the ogre.
The ogre is moderately wounded.
The ogre hits you with a +0 giant club!
* * * LOW HITPOINT WARNING * * *
You see here 26 arrows.
Blink to where?
Press: ? - help, Dir - move target
As you read the scroll of blinking, it crumbles to dust.
Okay, then.
It was a potion of attraction.
You feel attractive to monsters. The ogre is attracted toward you.
It was a potion of brilliance.
You feel clever all of a sudden. The ogre is attracted toward you.
It was a potion of curing.
You feel better. The ogre hits you with a +0 giant club!
* * * LOW HITPOINT WARNING * * *
It was a potion of might.
You feel very mighty all of a sudden.
You barely miss the ogre.
The ogre is moderately wounded.
You block the ogre's attack.
You hit the ogre.
The ogre is severely wounded.
The ogre hits you but does no damage.
Your shield prevents you from hitting the ogre.
The ogre is severely wounded.
The ogre hits you with a +0 giant club!
You die...

#######.# #....# #.# ###### #.#
#####.#
.#########...#.##################
.'.O.....#.#.#.#.................
^#######.#.#.#.#.################
#.#.#.#.#.# #.#.#.#.#@#
#.#.#.#.#O# #.#.#.#.#†#
#(#.#<#.#.# #.#.###.#.#
#.#.....#.# #.#######.#
#.........# #########.#


You could see an ogre.

Vanquished Creatures
  An ogre (D:4)
  A hound (D:4)
  A bullfrog skeleton (D:4)
  14 mummies (Ossuary)
  4 adders
  2 dart slugs
  4 orcs (D:3)
  8 endoplasms
  A giant cockroach (D:2)
  4 goblins
  12 hobgoblins
  2 quokkas (D:4)
  5 ball pythons
  6 bats
  6 frilled lizards
  A gnoll skeleton (Ossuary)
  2 goblin skeletons (Ossuary)
  7 kobolds
  2 kobold skeletons (Ossuary)
  3 orc skeletons (Ossuary)
  4 rats (D:1)
  11 rat skeletons (Ossuary)
101 creatures vanquished.

Vanquished Creatures (others)
  An orc (D:3)
1 creature vanquished.

Grand Total: 102 creatures vanquished

Notes
Turn   | Place    | Note
-------+----------+-------------------------------------------
     0 | D:1      | Htamos the Minotaur Monk began the quest for the Orb.
     0 | D:1      | Reached XP level 1. HP: 19/19 MP: 0/0
   361 | D:1      | Reached XP level 2. HP: 20/27 MP: 1/1
   471 | D:1      | Reached skill level 4 in Axes
   616 | D:1      | Reached skill level 1 in Armour
   779 | D:1      | Reached XP level 3. HP: 23/33 MP: 2/2
  2203 | D:3      | Reached XP level 4. HP: 35/40 MP: 3/3
  2341 | D:3      | Found a white marble altar of Elyvilon.
  2528 | D:3      | Reached skill level 5 in Axes
  2837 | D:3      | Found a burning altar of Makhleb.
  3472 | D:4      | Noticed an ogre
  3476 | D:4      | Killed an ogre
  3477 | D:4      | Reached skill level 1 in Shields
  3477 | D:4      | Reached XP level 5. HP: 47/47 MP: 4/4
  3503 | D:4      | Found a sand-covered staircase.
  3507 | Ossuary  | Entered an ossuary
  3542 | Ossuary  | Reached skill level 1 in Evocations
  4117 | Ossuary  | Reached XP level 6. HP: 51/53 MP: 5/5
  4484 | Ossuary  | Reached skill level 6 in Axes
  4898 | D:4      | Reached skill level 5 in Fighting
  4991 | D:4      | Slain by an ogre

Illustrated notes

Levels and vault maps discovered:
D:1:      minmay_arrival_cross, layout_basic, minmay_misc_feat_iff
D:2:      layout_basic, minmay_goblin_outpost
D:3:      layout_loops_ring, mainiacjoe_overflow_24_doors,
          lightli_temple_of_fire
D:4:      layout_basic, enter_ossuary_5

Skill      XL: |  1  2  3  4  5  6 |
---------------+-------------------+-----
Axes           | 4 5 6 |  6.3
Armour         | 1 2 3 |  3.4
Fighting       | 4 5 |  5.0
Shields        | 1 2 |  2.4
Evocations     | 1 |  1.8
Dodging        | |  3.5
Stealth        | |  1.5

Action                   |  1- 3 |  4- 6 || total
-------------------------+-------+-------++-------
Melee: Hand axe          |   100 |   198 ||   298
       Headbutt          |    12 |    54 ||    66
Evoke: Wand              |       |     8 ||     8
  Use: Scroll            |       |     8 ||     8
       Potion            |       |     4 ||     4
 Stab: Sleeping          |     3 |       ||     3
Armor: Robe              |     2 |       ||     2
       Ring mail         |    16 |       ||    16
       Chain mail        |    18 |    53 ||    71
Dodge: Dodged            |    60 |    20 ||    80
Block: Kite shield       |     1 |    62 ||    63

Table legend: (Time is in decaauts)
 A = Elapsed time spent in this place.
 B = Non-inter-level travel time spent in this place.
 C = Inter-level travel time spent in this place.
 D = Time resting spent in this place.
 E = Time spent auto-exploring this place.
 F = Levels seen in this place.
 G = Mean time per level.
                   A        B        C        D        E       F      G
               +--------+--------+--------+--------+--------+-----+--------+
         Total |   5055 |   4936 |    119 |    428 |   3434 |   5 | 1011.0 |
       Dungeon |   3686 |   3567 |    119 |      0 |   2770 |   4 |  921.5 |
       Ossuary |   1368 |   1368 |      0 |    428 |    664 |   1 | 1368.0 |
               +--------+--------+--------+--------+--------+-----+--------+

Top non-repeatable levels by time:
 Ossuary: 1368 daAuts
     D:1: 1355 daAuts
     D:3: 1068 daAuts
     D:2: 832 daAuts
     D:4: 429 daAuts
